 Dungeon Crawl Stone Soup version 0.29.1-15-g9cfb28693d (console) character file.

Game seed: 11543609486539276052

3156 om the Reanimator (level 9, 0/45 HPs)
             Began as a Vampire Necromancer on Apr 25, 2023.
             Was a Believer of Dithmenos.
             Slain by a kobold demonologist
             ... wielding a +0 war axe
              (11 damage)
             ... in a bailey.
             The game lasted 00:23:05 (8594 turns).

om the Reanimator (Vampire Necromancer)             Turns: 8594, Time: 00:23:05

Health: 0/45       AC:  7    Str:  7    XL:     9   Next: 62%
Magic:  5/17       EV: 17    Int: 21    God:    Dithmenos [**....]
Gold:   194        SH:  0    Dex: 15    Spells: 11/19 levels left

rFire   + . .      SeeInvis +   s - +3 dagger (venom)
rCold   + + .      Faith    .   (no shield)
rNeg    + + +      Spirit   .   f - +3 leather armour {rF+}
rPois   ∞          Reflect  .   r - +0 helmet
rElec   .          Harm     .   (no cloak)
rCorr   .          Rampage  .   (no gloves)
Will    .....                   (no boots)
Stlth   ++++++....              D - amulet of regeneration
HPRegen 0.00/turn               g - ring of wizardry
MPRegen 0.15/turn               m - +4 ring of evasion

@: bloodless, inhibited regen, wreathed by umbra
A: bloodless, fangs 3, see invisible, vampiric 2
a: Bat Form, Revivify, Renounce Religion, Shadow Step


You were in a bailey.
You worshipped Dithmenos.
Dithmenos was pleased with you.
You visited 2 branches of the dungeon, and saw 8 of its levels.
You also visited: Bailey.

You collected 250 gold pieces.
You spent 56 gold pieces at shops.

Inventory:

Hand Weapons
 s - a +3 dagger of venom (weapon)
Armour
 a - a +0 robe
 f - a +3 leather armour of fire resistance (worn)
 r - a +0 helmet (worn)
Jewellery
 g - a ring of wizardry (left hand)
 h - a ring of fire
 m - a +4 ring of evasion (right hand)
 C - a ring of poison resistance
 D - an amulet of regeneration (around neck)
Wands
 q - a wand of roots (4)
 z - a wand of quicksilver (8)
 E - a wand of polymorph (8)
Scrolls
 l - 3 scrolls of teleportation
 u - a scroll of enchant weapon {unknown}
 v - 2 scrolls of fear {unknown}
 w - a scroll of fog
 x - a scroll of magic mapping
 y - a scroll of summoning
 A - 2 scrolls of blinking
Potions
 c - a potion of flight {unknown}
 d - a potion of might
 e - a potion of brilliance
 i - 2 potions of haste
 j - 2 potions of attraction
 k - 2 potions of cancellation {!q}
 n - a potion of heal wounds
 o - 2 potions of resistance
 p - 2 potions of curing
 t - a potion of lignification {unknown}
 B - 2 potions of invisibility {unknown}


   Skills:
 - Level 5.0 Short Blades
 + Level 3.4 Armour
 - Level 5.0 Dodging
 - Level 5.0 Stealth
 + Level 5.9 Spellcasting
 + Level 8.1 Necromancy
 + Level 3.5 Fire Magic
 - Level 4.0 Evocations


You had 11 spell levels left.
You knew the following spells:

 Your Spells              Type           Power      Damage    Failure   Level
a - Necrotise             Necr           100%       1d9       1%          1
b - Vampiric Draining     Necr           40%        2d8       1%          3
c - Foxfire               Conj/Fire      52%        2x1d6     2%          1
d - Conjure Flame         Conj/Fire      13%        6-21      9%          3

Your spell library contained the following spells:

 Spells                   Type           Power      Damage    Failure   Level
 Animate Dead             Necr           40%        N/A       1%          4
 Agony                    Necr           40%        N/A       6%          5
 Inner Flame              Hex/Fire       13%        N/A       9%          3
 Flame Wave               Conj/Fire      13%        2d6       26%         4
 Haunt                    Necr/Summ      11%        N/A       100%        7
 Infestation              Necr           20%        N/A       100%        8


Dungeon Overview and Level Annotations

Branches:
Dungeon (7/15)             Temple (1/1) D:4          Bailey (1/1)

Altars:
Ashenzari
Cheibriados
Dithmenos
Fedhas
Gozag
Hepliaklqana
Kikubaaqudgha
Makhleb
Nemelex Xobeh
Qazlal
Ru
Trog
Uskayaw
Vehumet
Wu Jian
Xom
Yredelemnul

Shops:
D:4 ?

Annotations:
D:5 Menkaure


Innate Abilities, Weirdness & Mutations

You do not regenerate when monsters are visible.
You are frail without blood (-20% HP).
You can heal yourself when you bite living creatures.
You are immune to poison.
You have razor-sharp teeth.
You have supernaturally acute eyesight. (SInv)
You are afflicted with vampirism and can become a bat while bloodless.


Message History

The orc sorcerer writhes in agony.
The orc sorcerer casts a spell at you. You resist with some effort.
The kobold demonologist hits your orc skeleton with a +0 war axe.
Your orc skeleton is destroyed!
The orc sorcerer struggles to resist.
The orc sorcerer writhes in agony!
The orc sorcerer casts a spell at you. The bolt of fire hits you! You resist.
The hobgoblin writhes in agony.
The orc sorcerer writhes in agony.
The orc sorcerer struggles to resist.
The kobold demonologist gestures wildly while chanting.
The orc sorcerer struggles to resist.
The orc sorcerer hits you with a +0 war axe.
The white imp shouts, "Quit, thou pecksniffian lifeless gudgeon!"
The hobgoblin writhes in agony.
You kill the hobgoblin!
Dithmenos accepts your kill.
The dead are walking!
The orc sorcerer hits you with a +0 war axe.
The orc sorcerer hits your hobgoblin skeleton with a +0 war axe!
Your hobgoblin skeleton is destroyed!
The kobold demonologist gestures wildly while chanting.
The orc sorcerer writhes in agony.
The orc sorcerer hits you but does no damage.
The orange demon stings you!
* * * LOW HITPOINT WARNING * * *
The orange demon closely misses you.
Casting: Necrotise (safe; 1% risk of failure)
Confirm with . or Enter, or press ? or * to list all spells.
Aiming: Vampiric Draining (safe; 1% risk of failure)
Press: ? - help, Shift-Dir - straight line, f/p - orc sorcerer
Aim: an orc sorcerer, wielding a +0 war axe and wearing a +0 ring mail (severely wounded, umbra)
You draw life force from the orc sorcerer!
You feel life coursing into your body.
The orc sorcerer hits you with a +0 war axe.
* * * LOW HITPOINT WARNING * * *
The kobold demonologist hits you with a +0 war axe!
You die...

#.....#.....#.....#
#.8)).#.....#...8.#
#.....#######.....#
#.8#############8.#
#..# ......... #..#
#.8# ....... #8.# #..#
.._.. #..# ##'# .5.
#'## #))# ##)## #.)#
#..# #Ko5# #).# #.)#
#.@4# #).# #.)# #8.8#
#..# #..# #...# #..#
#+#'##+###8.8# ##'#
#....#)).#...# ...
#....#)).#...# [#...o
###..######.######.o###
+........∩.......g+
####~~~~~~~~~~~####
≈≈≈≈≈≈≈≈≈≈≈≈≈≈≈≈≈
≈≈≈≈≈≈≈≈≈≈≈≈≈≈≈≈≈≈


You could see an orange demon (summoned), a kobold demonologist, an orc
sorcerer, a white imp (summoned) and an ufetubus (summoned).

Vanquished Creatures
  An orc knight (Bailey)
  Grinder (D:3)
  4 yaks (D:5)
  Eustachio (D:5)
  A water moccasin (D:6)
  3 orc warriors (Bailey)
  An ice beast (D:6)
  A centaur (D:6)
  Blork the orc (D:5)
  A necrophage (D:6)
  A scorpion (D:5)
  3 wights (D:6)
  An electric eel (Bailey)
  4 hounds
  2 jellies
  2 orc priests (D:4)
  3 iguanas
  Ijyb (D:2)
  Natasha (thrice) (D:2)
  4 orc wizards (D:4)
  Robin (D:2)
  7 adders
  8 gnolls
  A shadow imp (D:6)
  2 ufetubi (D:6)
  3 worms (D:2)
  2 dart slugs
  18 orcs
  5 bats (D:1)
  5 endoplasms
  6 giant cockroaches
  20 goblins
  16 hobgoblins
  5 jackals (D:1)
  8 kobolds
  5 quokkas
  4 ball pythons
  2 frilled lizards (D:2)
  8 rats
165 creatures vanquished.

Vanquished Creatures (collateral kills)
  An orc priest (D:4)
  2 gnolls (D:3)
  2 orcs (D:4)
  An endoplasm (D:1)
  2 hobgoblins
  2 kobolds (D:1)
  A frilled lizard (D:1)
  2 goblins (D:2)
  3 rats (D:1)
16 creatures vanquished.

Vanquished Creatures (others)
  70 foxfires
  6 plants (D:4)
76 creatures vanquished.

Grand Total: 257 creatures vanquished

Notes
Turn   | Place    | Note
-------+----------+-------------------------------------------
     0 | D:1      | om the Vampire Necromancer began the quest for the Orb.
     0 | D:1      | Reached XP level 1. HP: 13/13 MP: 3/3
   141 | D:1      | Reached XP level 2. HP: 18/19 MP: 0/5
   562 | D:1      | Gained mutation: You are afflicted with vampirism and can
                  | become a bat while bloodless. [Vampire growth]
   562 | D:1      | Reached XP level 3. HP: 24/24 MP: 3/6
   627 | D:1      | You fall into a shaft and drop 1 floor!
  1125 | D:2      | Reached skill level 5 in Necromancy
  1365 | D:2      | Noticed Robin
  1452 | D:2      | Killed Robin
  1462 | D:2      | Reached XP level 4. HP: 30/30 MP: 1/7
  1596 | D:2      | Found a faded altar of an unknown god.
  1597 | D:2      | Noticed Natasha
  1604 | D:2      | Reached skill level 1 in Short Blades
  1718 | D:2      | Killed Natasha
  1855 | D:2      | Noticed Natasha
  1868 | D:2      | Killed Natasha
  1894 | D:2      | Learned a level 3 spell: Vampiric Draining
  1896 | D:2      | Learned a level 1 spell: Foxfire
  1946 | D:2      | Reached XP level 5. HP: 35/35 MP: 9/9
  1959 | D:2      | Noticed Natasha
  1965 | D:2      | Killed Natasha
  2373 | D:3      | Noticed Ijyb
  2376 | D:3      | Noticed Grinder
  2391 | D:2      | Killed Ijyb
  2545 | D:3      | Paralysed by Grinder for 4 turns
  2550 | D:3      | Killed Grinder
  2551 | D:3      | Reached skill level 5 in Stealth
  2551 | D:3      | Reached skill level 1 in Evocations
  2551 | D:3      | Reached XP level 6. HP: 15/41 MP: 9/11
  3673 | D:4      | Reached XP level 7. HP: 36/46 MP: 4/12
  3737 | D:4      | Found a staircase to the Ecumenical Temple.
  3760 | Temple   | Entered the Ecumenical Temple
  3966 | Temple   | Became a worshipper of Dithmenos the Shadowed
  4204 | D:4      | Reached skill level 6 in Necromancy
  4689 | D:4      | Found Osoobugg's Magic Scroll Shop.
  4692 | D:4      | Bought a scroll of identify for 28 gold pieces
  4692 | D:4      | Bought a scroll of identify for 28 gold pieces
  4768 | D:4      | Reached * piety under Dithmenos
  4923 | D:5      | Entered Level 5 of the Dungeon
  5157 | D:5      | Noticed Menkaure
  5306 | D:5      | Noticed Eustachio
  5323 | D:5      | Killed Eustachio
  5537 | D:5      | Learned a level 3 spell: Conjure Flame
  5808 | D:5      | Noticed Blork the orc
  5814 | D:5      | Killed Blork the orc
  5815 | D:5      | Reached XP level 8. HP: 41/41 MP: 14/14
  6106 | D:5      | Reached skill level 5 in Dodging
  6106 | D:5      | Reached skill level 1 in Fire Magic
  6239 | D:5      | Reached skill level 1 in Armour
  6361 | D:5      | Reached skill level 7 in Necromancy
  6505 | D:5      | Reached skill level 5 in Short Blades
  6895 | D:6      | Reached skill level 5 in Spellcasting
  7045 | D:6      | Reached XP level 9. HP: 36/45 MP: 8/16
  7969 | D:7      | Found a flagged portal.
  7972 | D:7      | Reached ** piety under Dithmenos
  7984 | Bailey   | Entered a bailey
  8217 | Bailey   | Noticed an orc knight
  8336 | Bailey   | HP: 1/45 [orc warrior/+0 war axe (6)]
  8459 | Bailey   | Killed an orc knight
  8460 | Bailey   | Reached skill level 8 in Necromancy
  8582 | Bailey   | Found an iron altar of Okawaru.
  8582 | Bailey   | Noticed a kobold demonologist
  8582 | Bailey   | Noticed an orc sorcerer
  8593 | Bailey   | Noticed an orange demon
  8594 | Bailey   | Slain by a kobold demonologist

Illustrated notes

Levels and vault maps discovered:
D:1:      dpeg_arrival_pits, layout_rooms
D:2:      minmay_diamond_boxcup, layout_basic,
          hellmonk_ecumenical_altar_lost_god, uniq_natasha, uniq_robin
D:3:      layout_loops_corners, uniq_ijyb, uniq_grinder
D:4:      layout_basic, minmay_temple_entry_gardened_gates, serial_shops,
          nicolae_shop_behind_doors, minmay_misc_feat_pillars
D:5:      layout_basic, uniq_blork_the_orc, uniq_menkaure, uniq_eustachio
D:6:      layout_loops_cross, zin_statuary
D:7:      layout_loops_corners, nicolae_overflow_hidden_temple,
          gammafunk_ghost_stat_death, enter_bailey_3,
          nicolae_figureground_sparkle
Temple:   compressed_dpeg_triangle_lava_temple
Bailey:   bailey_axe_of_yendor_kennysheep, bailey

Skill      XL: |  1  2  3  4  5  6  7  8  9 |
---------------+----------------------------+-----
Necromancy     | 5 6 7 8 |  8.1
Short Blades   | 1 2 3 4 5 |  5.0
Stealth        | 4 5 |  5.0
Dodging        | 3 4 5 |  5.0
Spellcasting   | 3 4 5 |  5.9
Evocations     | 1 2 3 4 |  4.0
Fire Magic     | 2 3 |  3.5
Armour         | 2 3 |  3.4

Action                   |  1- 3 |  4- 6 |  7- 9 || total
-------------------------+-------+-------+-------++-------
Melee: Dagger            |    48 |    33 |    76 ||   157
       Unarmed           |     3 |       |       ||     3
       Bite              |     4 |     3 |     2 ||     9
       Punch             |     1 |     1 |     4 ||     6
 Cast: Necrotise         |    64 |    66 |   176 ||   306
       Foxfire           |       |       |    39 ||    39
       Vampiric Draining |       |       |    14 ||    14
       Conjure Flame     |       |       |     1 ||     1
 Abil: Exsanguinate      |       |       |     1 ||     1
Evoke: Wand              |       |     5 |       ||     5
  Use: Scroll            |     3 |     7 |     8 ||    18
       Potion            |       |       |     6 ||     6
 Stab: Sleeping          |     2 |     3 |    15 ||    20
Armor: Robe              |    32 |     1 |     2 ||    35
       Leather armour    |       |       |    17 ||    17
Dodge: Dodged            |    91 |    38 |   146 ||   275
